 Dungeon Crawl Stone Soup version 0.31-a0-180-g519b7de00c (webtiles) character file.

Game seed: 7035543283616844732

70 qw the Shooter (level 4, -1/39 HPs)
             Began as a Naga Hunter on June 19, 2023.
             Slain by a cerulean imp
             ... wielding a +2 spear
             ... summoned by Natasha
              (5 damage)
             ... on level 2 of the Dungeon.
             The game lasted 00:00:34 (1769 turns).

qw the Shooter (Naga Hunter)                        Turns: 1769, Time: 00:00:34

Health: -1/39      AC:  2    Str: 14    XL:     4   Next: 21%
Magic:  4/4        EV:  9    Int:  9    God:
Gold:   52         SH:  0    Dex: 16    Spells: 3/3 levels left

rFire   . . .        Y - +3 shortbow
rCold   . . .        (shield currently unavailable)
rNeg    . . .        c - +0 leather armour
rPois   +            (no helmet)
rElec   .            (no cloak)
rCorr   .            (no gloves)
SInv    +            (no barding)
Will    .....        (no amulet)
Stlth   ++           (no ring)
HPRegen 0.26/turn    (no ring)
MPRegen 0.09/turn

%: no passive effects
@: short of breath, very slow
A: AC +1, large, see invisible, deformed body, poison resistance, slowness 2,
spit poison 1, naga tail 1
a: Spit Poison


You were on level 2 of the Dungeon.
You visited 1 branch of the dungeon, and saw 2 of its levels.

You collected 52 gold pieces.


Innate Abilities, Weirdness & Mutations

Your serpentine skin is tough. (AC +1)
You have supernaturally acute eyesight. (SInv)
Armour fits poorly on your strangely shaped body.
Your system is resistant to poisons. (rPois)
You cover ground very slowly.
You can spit poison.
You have a snake-like lower body.


   Skills:
 + Level 2.1 Fighting
 - Level 5.1 Ranged Weapons
 - Level 1.5 Dodging
 - Level 1.5 Stealth


You had 3 spell levels left.
You didn't know any spells.
Your spell library was empty.

Inventory:

Hand Weapons
 Y - a +3 shortbow (weapon)
Armour
 c - a +0 leather armour (worn)
Scrolls
 g - 2 scrolls of identify
Potions
 a - a potion of degeneration {unknown}
 b - a potion of haste {unknown}
 d - 2 potions of curing

Dungeon Overview and Level Annotations

Branches:
Dungeon (2/15)

Altars:

Shops:
D:1 *

Annotations:
D:2 Natasha


Message History

1762 ||| INVOKING Spit Poison.
Aiming: Spit Poison (1% risk of failure)
Press: ? - help, Shift-Dir - straight line, f - Natasha You fail to use your ability.
1763 ||| INVOKING Spit Poison.
Aiming: Spit Poison (1% risk of failure)
Press: ? - help, Shift-Dir - straight line, f/p - Natasha The splash of poison misses Natasha.
Natasha claws you!
You shoot an arrow. The arrow hits Natasha.
Natasha is lightly wounded.
Natasha mumbles some strange words.
You shoot an arrow.
The arrow hits Natasha but does no damage.
Natasha is lightly wounded.
Natasha claws you. The cerulean imp barely misses you.
You shoot an arrow. The arrow hits Natasha.
Natasha is moderately wounded.
Natasha barely misses you.
The cerulean imp hits you with a +1 spear.
You shoot an arrow. The arrow closely misses Natasha.
Natasha casts a spell.
The cerulean imp closely misses you. Natasha claws you.
You shoot an arrow. The arrow hits Natasha.
Natasha is heavily wounded.
You have got your breath back.
The cerulean imp hits you with a +1 spear.
Natasha mumbles some strange words.
You feel troubled. Natasha claws you.
The cerulean imp hits you from afar with a +2 spear.
1769 ||| INVOKING Spit Poison.
Aiming: Spit Poison (1% risk of failure)
Press: ? - help, Shift-Dir - straight line, f/p - Natasha The splash of poison hits Natasha.
Natasha is poisoned.
Natasha is severely wounded.
The cerulean imp hits you with a +1 spear.
Natasha mumbles some strange words.
The cerulean imp hits you from afar with a +2 spear.
You die...

#.# #.#.#.##.# #.#
#.#.#.##.# #.######
#.#.#.##.#
#......########.#.#.##.#
###.............#.#.##.#
..#.##.##########.#.##.#
#.#.#........5..#.#....#
..#.#....######h#.######
###.#.........55@.# #
#.#.#########.##### #
#.#.# #.........# #
#.#.# #.###.###.#
#####.# #.#.....#.#
......# #.#.#.#.#.#
####### #.#.#.#.#.#
#.#.#.#.#.# #.#.#.#.#.#


You could see Natasha (poisoned) and 3 cerulean imps.

Vanquished Creatures
  2 adders (D:2)
  4 ball pythons
  2 bats (D:1)
  2 endoplasms (D:2)
  2 giant cockroaches (D:1)
  4 hobgoblins
  12 jackals (D:1)
  2 quokkas (D:1)
  2 frilled lizards
  4 kobolds
  10 rats
46 creatures vanquished.

Notes
Turn   | Place    | Note
-------+----------+-------------------------------------------
     0 | D:1      | qw the Naga Hunter began the quest for the Orb.
     0 | D:1      | Reached XP level 1. HP: 19/19 MP: 1/1
     0 | D:1      | 0 ||| qw: Version: 0.3-a-7-ge0c9b40
     0 | D:1      | 0 ||| qw: Game counter: 1000
     0 | D:1      | 0 ||| qw: Always use a shield: true
     0 | D:1      | 0 ||| qw: God list: Okawaru
     0 | D:1      | 0 ||| qw: Allow faded altars: false
     0 | D:1      | 0 ||| qw: Do Orc after D:15 true
     0 | D:1      | 0 ||| qw: Do second Lair branch before Depths: true
     0 | D:1      | 0 ||| qw: Lair rune preference: random
     0 | D:1      | 0 ||| qw: Plans: Normal
     0 | D:1      | 0 ||| PLANNING D:1-11
    34 | D:1      | 34 ||| INVOKING Spit Poison.
    37 | D:1      | 37 ||| INVOKING Spit Poison.
    62 | D:1      | 62 ||| INVOKING Spit Poison.
    63 | D:1      | Reached skill level 4 in Ranged Weapons
    63 | D:1      | Reached XP level 2. HP: 26/26 MP: 2/2
    74 | D:1      | 74 ||| INVOKING Spit Poison.
   134 | D:1      | 134 ||| INVOKING Spit Poison.
   167 | D:1      | 167 ||| INVOKING Spit Poison.
   181 | D:1      | 181 ||| INVOKING Spit Poison.
   186 | D:1      | 186 ||| INVOKING Spit Poison.
   209 | D:1      | 209 ||| INVOKING Spit Poison.
   218 | D:1      | 218 ||| INVOKING Spit Poison.
   235 | D:1      | 235 ||| INVOKING Spit Poison.
   256 | D:1      | 256 ||| INVOKING Spit Poison.
   275 | D:1      | 275 ||| INVOKING Spit Poison.
   299 | D:1      | 299 ||| INVOKING Spit Poison.
   316 | D:1      | Found Coles's Assorted Antiques.
   321 | D:1      | 321 ||| SHOPLISTING lumpy green potion (21 gold, have 18).
   321 | D:1      | 321 ||| SHOPLISTING scroll labelled COXZIS FAUSUNE (24
                  | gold, have 18).
   321 | D:1      | 321 ||| SHOPLISTING scroll labelled CUNYATSUCUK (24 gold,
                  | have 18).
   321 | D:1      | 321 ||| SHOPLISTING scroll labelled WUULIR MERGHIRPH (24
                  | gold, have 18).
   321 | D:1      | 321 ||| SHOPLISTING scroll labelled XURREF UFRE (24 gold,
                  | have 18).
   321 | D:1      | 321 ||| SHOPLISTING sedimented coppery potion (21 gold,
                  | have 18).
   321 | D:1      | 321 ||| SHOPLISTING silvery potion (21 gold, have 18).
   321 | D:1      | 321 ||| SHOPLISTING smoky purple potion (21 gold, have 18).
   374 | D:1      | 374 ||| INVOKING Spit Poison.
   377 | D:1      | 377 ||| INVOKING Spit Poison.
   378 | D:1      | Reached XP level 3. HP: 29/32 MP: 3/3
   384 | D:1      | 384 ||| INVOKING Spit Poison.
   563 | D:1      | 563 ||| INVOKING Spit Poison.
   564 | D:1      | 564 ||| INVOKING Spit Poison.
   679 | D:1      | 679 ||| INVOKING Spit Poison.
   692 | D:1      | 692 ||| INVOKING Spit Poison.
   731 | D:1      | 731 ||| INVOKING Spit Poison.
   734 | D:1      | 734 ||| INVOKING Spit Poison.
   738 | D:1      | 738 ||| INVOKING Spit Poison.
   743 | D:1      | 743 ||| INVOKING Spit Poison.
   820 | D:1      | 820 ||| READING scroll labelled CUNYATSUCUK.
   825 | D:1      | 825 ||| READING scroll labelled CUDGHY OGUSEXU.
   826 | D:1      | 826 ||| READING 3 scrolls labelled HONUGU RUNTOEN.
   827 | D:1      | 827 ||| READING scroll labelled GOEQEMMAYWN.
   828 | D:1      | 828 ||| READING scroll labelled UTTEGGOMARPH.
   829 | D:1      | 829 ||| DRINKING 2 sedimented coppery potions.
   830 | D:1      | 830 ||| READING 2 scrolls of identify.
   830 | D:1      | 830 ||| IDENTIFYING fuming amethyst potion
   831 | D:1      | 831 ||| DROPPING scroll of butterflies.
   832 | D:1      | 832 ||| DROPPING potion of berserk rage.
   915 | D:2      | 915 ||| INVOKING Spit Poison.
   974 | D:2      | 974 ||| INVOKING Spit Poison.
   976 | D:2      | Found a faded altar of an unknown god.
   983 | D:2      | 983 ||| READING scroll of enchant weapon.
   983 | D:2      | 983 ||| ENCHANTING +1 shortbow.
  1067 | D:2      | 1067 ||| INVOKING Spit Poison.
  1070 | D:2      | 1070 ||| READING scroll of enchant weapon.
  1070 | D:2      | 1070 ||| ENCHANTING +2 shortbow.
  1095 | D:2      | 1095 ||| INVOKING Spit Poison.
  1106 | D:2      | 1106 ||| INVOKING Spit Poison.
  1113 | D:2      | 1113 ||| INVOKING Spit Poison.
  1119 | D:2      | 1119 ||| INVOKING Spit Poison.
  1120 | D:2      | Reached skill level 5 in Ranged Weapons
  1120 | D:2      | Reached XP level 4. HP: 25/39 MP: 4/4
  1371 | D:2      | Noticed Natasha
  1384 | D:2      | HP: 6/39 [cerulean imp/+1 spear[Natasha] (5)]
  1385 | D:2      | 1385 ||| READING scroll of teleportation.
  1385 | D:2      | HP: 2/39 [cerulean imp/+1 spear[Natasha] (4)]
  1387 | D:2      | 1387 ||| INVOKING Spit Poison.
  1640 | D:2      | 1640 ||| INVOKING Spit Poison.
  1762 | D:2      | 1762 ||| INVOKING Spit Poison.
  1763 | D:2      | 1763 ||| INVOKING Spit Poison.
  1768 | D:2      | HP: 8/39 [cerulean imp/+2 spear[Natasha] (5)]
  1769 | D:2      | 1769 ||| INVOKING Spit Poison.
  1769 | D:2      | Slain by a cerulean imp

Levels and vault maps discovered:
D:1:      beargit_arrival_greenhouse, layout_basic, serial_shops,
          nicolae_shop_tiny_waterfront
D:2:      layout_basic, basic_ecumenical_altar, kennysheep_generic_room_5,
          uniq_natasha

Skill      XL: |  1  2  3 |
---------------+----------+-----
Ranged Weapons | 4 5 |  5.1
Fighting       | |  2.1
Dodging        | |  1.5
Stealth        | |  1.5

Action                     |  1- 3 |  4- 6 || total
---------------------------+-------+-------++-------
   Fire: Shortbow          |    63 |    23 ||    86
Ability: Spit Poison       |    31 |     4 ||    35
    Use: Scroll            |     8 |     1 ||     9
         Potion            |     1 |       ||     1
 Armour: Leather armour    |    13 |     2 ||    15
  Dodge: Dodged            |    23 |     9 ||    32

Table legend:
 A = Non-vault XP
 B = Vault XP
 C = Vault XP percentage of total XP
 D = Non-vault monster count
 E = Vault monster count
 F = Vault count percentage of total count
                 A         B        C        D         E       F
            +---------+---------+-------+---------+---------+-------
      Total |     100 |       0 |   0.0 |      46 |       0 |   0.0
            +---------+---------+-------+---------+---------+-------
        D:1 |      60 |       0 |   0.0 |      36 |       0 |   0.0
        D:2 |      40 |       0 |   0.0 |      10 |       0 |   0.0
            +---------+---------+-------+---------+---------+-------
